 Dungeon Crawl Stone Soup version 0.30-a0-719-gcc4359ea44 (webtiles) character file.

Game seed: 4642816248636599319

1498 browni3141 the Poker (level 8, 0/60 HPs)
             Began as a Mummy Cinder Acolyte on Jan 26, 2023.
             Was an Elder of Ignis.
             Slain by a centaur
             ... wielding a +1 trident of pain
              (7 damage)
             ... on level 6 of the Dungeon.
             The game lasted 00:08:12 (6314 turns).

browni3141 the Poker (Mummy Cinder Acolyte)         Turns: 6314, Time: 00:08:14

Health: 0/60       AC:  8    Str: 19    XL:     8   Next: 52%
Magic:  10/10      EV: 10    Int: 14    God:    Ignis [****..]
Gold:   276        SH:  0    Dex:  7    Spells: 9/9 levels left

rFire   . . .      SeeInvis .    x - +2 spear (vamp)
rCold   + . .      Faith    +    (no shield)
rNeg    + + +      Spirit   .    t - +0 scale mail {Will+}
rPois   ∞          Reflect  .    m - +1 helmet
rElec   .          Harm     .    (no cloak)
rCorr   .          Rampage  .    (no gloves)
Will    ++...                    (no boots) Stlth
                                 (no amulet)
HPRegen 0.30/turn                (no ring)
MPRegen 0.12/turn                (no ring)

@: no status effects
A: cold resistance 1, negative energy resistance 3, torment resistance 2, heat
vulnerability 1, in touch with death 1, no potions, faith
a: Renounce Religion, Fiery Armour, Foxfire Swarm, Rising Flame


You were on level 6 of the Dungeon.
You worshipped Ignis.
Ignis was greatly pleased with you.
You visited 1 branch of the dungeon, and saw 6 of its levels.

You collected 276 gold pieces.

Inventory:

Hand Weapons
 a - a -1 spear of flaming
 j - a +2 dagger of electrocution
 n - a +0 trident
 x - a +2 vampiric spear (weapon)
Missiles
 o - 5 poisoned darts (quivered)
 p - 4 javelins
 u - 5 boomerangs
 v - 5 atropa-tipped darts
Armour
 b - a +0 robe
 c - a +0 leather armour
 m - a +1 helmet (worn)
 t - a +0 scale mail of willpower (worn)
Wands
 r - a wand of mindburst (11)
Scrolls
 d - 2 scrolls of enchant weapon {unknown}
 e - 2 scrolls of magic mapping {unknown}
 f - 4 scrolls of noise {unknown}
 g - 8 scrolls of teleportation
 h - 2 scrolls of enchant armour {unknown}
 i - a scroll of poison {unknown}
 k - a scroll of silence {unknown}
 l - a scroll of summoning {unknown}
 q - 5 scrolls of identify {unknown}
 s - a scroll of vulnerability {unknown}
 w - a scroll of immolation {unknown}
 y - a scroll of blinking {unknown}
 z - a scroll of fear {unknown}


   Skills:
 + Level 3.7 Fighting
 - Level 1.0 Short Blades
 * Level 6.8 Polearms
 - Level 3.0 Throwing
 - Level 2.0 Armour
 - Level 2.0 Dodging
 - Level 1.0 Stealth
 - Level 1.3 Spellcasting
 - Level 2.4 Fire Magic
 - Level 3.0 Evocations


You had 9 spell levels left.
You didn't know any spells.
Your spell library contained the following spells:

 Spells                   Type           Power      Damage    Failure   Level
 Scorch                   Fire           14%        2d5       38%         2
 Ignite Poison            Fire/Tmut/Pois 3%         N/A       86%         3
 Kindle Blastsparks       Fire/Tloc/Air  6%         2d10      86%         3
 Call Canine Familiar     Summ           0%         N/A       92%         3
 Portal Projectile        Hex/Tloc       0%         N/A       92%         3
 Leda's Liquefaction      Hex/Erth       0%         N/A       100%        4
 Freezing Cloud           Conj/Ice/Air   0%         6-21      100%        5


Dungeon Overview and Level Annotations

Branches:
Dungeon (6/15)
 Temple: D:4-7

Altars:

Shops:
D:5 :

Annotations:
D:2 1 runed translucent door, Crazy Yiuf


Innate Abilities, Weirdness & Mutations

You are immune to poison.
Your flesh is cold resistant. (rC+)
You are immune to negative energy. (rN+++)
You are immune to unholy pain and torment.
You are vulnerable to heat. (rF-)
You are in touch with the powers of death.
You do not drink.
You have a special connection with the divine. (Faith)


Message History

The centaur is heavily wounded.
The centaur hits you with a +1 trident of pain.
The centaur closely misses you.
You hit the centaur.
The centaur is heavily wounded.
The centaur hits you with a +1 trident of pain.
The centaur kicks you.
You completely miss the centaur.
The centaur is heavily wounded.
The centaur hits you with a +1 trident of pain.
The centaur closely misses you.
You barely miss the centaur.
The centaur is heavily wounded.
The centaur hits you with a +1 trident of pain.
The centaur closely misses you.
You hit the centaur.
You feel better.
The centaur is severely wounded.
The centaur hits you with a +1 trident of pain.
The centaur kicks you but does no damage.
The centaur hits you with a +1 trident of pain!
The centaur closely misses you.
You are too injured to fight recklessly!
You are too injured to fight recklessly!
You are too injured to fight recklessly!
You hit the centaur.
The centaur is severely wounded.
The centaur hits you with a +1 trident of pain.
* * * LOW HITPOINT WARNING * * *
The centaur kicks you but does no damage.
You hit the centaur.
The centaur is almost dead.
The centaur hits you with a +1 trident of pain!
* * * LOW HITPOINT WARNING * * *
The centaur kicks you but does no damage.
Aiming: Mindburst
Press: ? - help, Shift-Dir - straight line, f - centaur
Aim: a centaur, wielding a +1 trident of pain (almost dead, chance to affect: 76%)
The centaur barely resists.
The centaur hits you with a +1 trident of pain!
You die...

######.#.##.##.#......#.##
#..................#
######.#..)).##..#.#
#.#..#........###
#.#..##.........#
###.#.............##
##.............>#...## ##
#............##.##..g###.
##.#....@c......##.#....S
#.#.....###.##.##.......
#.####### #.##.##.###.##
#.# ####.##.# #.# #.#
#.#### ### #.# #.# #.####
#.# #....# #.# #.##.# #.#


You could see a centaur.

Vanquished Creatures
  Sigmund (D:3)
  Eustachio (D:5)
  A water moccasin (D:5)
  2 ogres (D:5)
  A centaur (D:6)
  A necrophage (D:5)
  2 scorpions
  3 jellies
  5 hounds
  Ijyb (D:3)
  Terence (D:3)
  Natasha (thrice) (D:2)
  An iguana (D:6)
  2 orc wizards (D:4)
  Robin (D:2)
  9 adders
  2 gnolls
  A white imp (D:6)
  2 worms (D:3)
  A dart slug (D:1)
  10 orcs
  11 ball pythons
  7 endoplasms
  4 giant cockroaches
  19 goblins
  9 hobgoblins
  5 jackals
  3 quokkas
  5 bats (D:1)
  A frilled lizard (D:1)
  3 kobolds
  4 rats
122 creatures vanquished.

Notes
Turn   | Place    | Note
-------+----------+-------------------------------------------
     0 | D:1      | browni3141 the Mummy Cinder Acolyte began the quest for the
                  | Orb.
     0 | D:1      | Reached XP level 1. HP: 18/18 MP: 2/2
   141 | D:1      | Reached skill level 1 in Stealth
   165 | D:1      | Reached XP level 2. HP: 18/24 MP: 4/4
   279 | D:1      | Found a faded altar of an unknown god.
   426 | D:1      | Reached skill level 3 in Polearms
   686 | D:1      | Gained mutation: You are in touch with the powers of death.
                  | [Mummy growth]
   686 | D:1      | Reached XP level 3. HP: 29/29 MP: 5/5
   835 | D:2      | Noticed Natasha
   977 | D:2      | Noticed Robin
  1016 | D:2      | Killed Robin
  1019 | D:2      | Reached skill level 1 in Dodging
  1033 | D:2      | Reached skill level 1 in Armour
  1099 | D:2      | Reached skill level 1 in Short Blades
  1099 | D:2      | Reached XP level 4. HP: 32/35 MP: 6/6
  1400 | D:2      | Killed Natasha
  1627 | D:2      | Found a runed translucent door.
  1628 | D:2      | Noticed Crazy Yiuf
  1821 | D:2      | Noticed Natasha
  1828 | D:2      | Killed Natasha
  1829 | D:2      | Reached skill level 4 in Polearms
  1829 | D:2      | Reached XP level 5. HP: 33/41 MP: 7/7
  2018 | D:2      | Noticed Natasha
  2027 | D:2      | Killed Natasha
  2850 | D:3      | Noticed Sigmund
  2865 | D:3      | Killed Sigmund
  2866 | D:3      | Reached skill level 5 in Polearms
  2866 | D:3      | Reached XP level 6. HP: 45/47 MP: 8/8
  2954 | D:3      | Noticed Ijyb
  2959 | D:3      | Killed Ijyb
  3050 | D:3      | Noticed Terence
  3058 | D:3      | Killed Terence
  3632 | D:4      | Reached skill level 6 in Polearms
  3762 | D:4      | Reached XP level 7. HP: 39/52 MP: 9/9
  4195 | D:5      | Entered Level 5 of the Dungeon
  4331 | D:5      | Reached skill level 1 in Throwing
  4331 | D:5      | Reached skill level 1 in Evocations
  4399 | D:5      | HP: 1/52 [ogre/+0 giant club (22)]
  4781 | D:5      | Noticed Eustachio
  4821 | D:5      | Killed Eustachio
  4822 | D:5      | Reached XP level 8. HP: 31/58 MP: 10/10
  4969 | D:5      | Found Dikar's Book Emporium.
  6314 | D:6      | Slain by a centaur

Illustrated notes

Levels and vault maps discovered:
D:1:      dpeg_arrival_signposts, layout_rooms,
          dilly_ecumenical_altar_fadedgnrine
D:2:      kennysheep_big_flooded_room, layout_basic, minmay_pentomino_x2,
          uniq_natasha, uniq_crazy_yiuf_cottage, uniq_robin
D:3:      layout_rooms, minmay_misc_feat_roman, uniq_sigmund, uniq_ijyb,
          uniq_terence
D:4:      layout_cave_pools, cheibrodos_gnoll_hut
D:5:      layout_layer_cave, serial_shops, shop, st_stairs_10, uniq_eustachio
D:6:      layout_basic, minmay_temple_entry_tees, minivault_14, minivault_10,
          minmay_ruined_shrine

Skill      XL: |  1  2  3  4  5  6  7  8 |
---------------+-------------------------+-----
Stealth        | 1 |  1.0
Polearms       | 3 4 5 6 |  6.8
Dodging        | 1 2 |  2.0
Armour         | 1 2 |  2.0
Short Blades   | 1 |  1.0
Throwing       | 2 3 |  3.0
Evocations     | 2 3 |  3.0
Fighting       | |  3.7
Spellcasting   | |  1.3
Fire Magic     | |  2.4

Action                     |  1- 3 |  4- 6 |  7- 9 || total
---------------------------+-------+-------+-------++-------
  Melee: Spear             |    99 |       |   125 ||   224
         Dagger            |    44 |   182 |    74 ||   300
         Punch             |       |     2 |     3 ||     5
  Throw: Dart              |       |     2 |       ||     2
 Invoke: Fiery Armour      |     1 |     2 |     2 ||     5
  Evoke: Wand              |       |       |     6 ||     6
    Use: Scroll            |       |       |     1 ||     1
   Stab: Sleeping          |       |     1 |       ||     1
 Armour: Leather armour    |    49 |    22 |       ||    71
         Scale mail        |       |    46 |   121 ||   167
  Dodge: Dodged            |    79 |    83 |   115 ||   277

Table legend: (Time is in decaauts)
 A = Elapsed time spent in this place.
 B = Non-inter-level travel time spent in this place.
 C = Inter-level travel time spent in this place.
 D = Time resting spent in this place.
 E = Time spent auto-exploring this place.
 F = Levels seen in this place.
 G = Mean time per level.
                   A        B        C        D        E       F      G
               +--------+--------+--------+--------+--------+-----+--------+
         Total |   6273 |   5949 |    324 |    384 |   4467 |   6 | 1045.5 |
       Dungeon |   6273 |   5949 |    324 |    384 |   4467 |   6 | 1045.5 |
               +--------+--------+--------+--------+--------+-----+--------+

Top non-repeatable levels by time:
     D:2: 1884 daAuts
     D:5: 1592 daAuts
     D:1: 844 daAuts
     D:3: 755 daAuts
     D:4: 698 daAuts
     D:6: 497 daAuts
